 Dungeon Crawl Stone Soup version 0.18.1-6-gd335043 (webtiles) character file.

1119 shmeve the Chopper (level 8, 0/74 HPs)
             Began as a Deep Dwarf Berserker on May 15, 2016.
             Was a Priest of Trog.
             Slain by an ice beast (6 damage)
             ... on level 5 of the Dungeon.
             The game lasted 00:09:33 (2946 turns).

shmeve the Chopper (Deep Dwarf Berserker)           Turns: 2946, Time: 00:09:34

Health: 0/74       AC: 14    Str: 23    XL:     8   Next: 12%
Magic:  10/10      EV:  8    Int:  5    God:    Trog [***...]
Gold:   173        SH:  0    Dex: 12    Spells: 0 memorised, 7 levels left

rFire  . . .     SeeInvis .     a - +1 hand axe
rCold  . . .     Gourm    .     s - +0 plate armour {MR+}
rNeg   . . .     Faith    .     (no shield)
rPois  .         Spirit   .     t - +1 helmet
rElec  .         Dismiss  .     (no cloak)
rCorr  .         Reflect  .     (no gloves)
SustAt .         Harm     .     (no boots)
MR     +++..                    (no amulet)
Stlth  ..........               r - -3 ring of intelligence (curse)
                                j - ring of protection from magic

@: lethally poisoned (0 -> 0), exhausted, non-regenerating, slowed, very slow,
extremely resistant to hostile enchantments, extremely unstealthy
A: damage resistance, recharge devices, sense surroundings 1, slow regeneration
3
a: Device Recharging, Berserk, Trog's Hand, Burn Spellbooks, Renounce Religion


You were on level 5 of the Dungeon.
You worshipped Trog.
Trog was most pleased with you.
You were near starving.

You visited 2 branches of the dungeon, and saw 6 of its levels.

You collected 173 gold pieces.

Inventory:

Hand Weapons
 a - a +1 hand axe (weapon)
Armour
 s - a +0 plate armour of magic resistance (worn)
 t - a +1 helmet (worn)
Jewellery
 j - a ring of protection from magic (left hand)
 r - a cursed -3 ring of intelligence (right hand)
Wands
 c - a wand of heal wounds (6/9)
 g - a wand of hasting (5/9)
Scrolls
 b - 5 scrolls of identify
 e - a scroll of teleportation
 f - a scroll of magic mapping
 h - a scroll of fear
 k - a scroll of enchant weapon
 o - 4 scrolls of remove curse {unknown}
Potions
 m - 2 potions of curing
 n - a potion of brilliance {unknown}
 p - a potion of magic {unknown}
 q - a potion of beneficial mutation {unknown}
 u - a potion of haste {unknown}
Comestibles
 d - 6 bread rations
 i - 2 meat rations


   Skills:
 * Level 5.2 Fighting
 * Level 6.8 Axes
 + Level 4.4 Armour
 + Level 4.2 Dodging
 + Level 4.2 Evocations


You had 7 spell levels left.
You didn't know any spells.

Dungeon Overview and Level Annotations

Branches:
Dungeon (5/15)             Temple (1/1) D:4

Altars:
Ashenzari
Dithmenos
Elyvilon
Gozag
Nemelex Xobeh
Ru
Sif Muna
Trog
Xom
The Shining One


Innate Abilities, Weirdness & Mutations

You are resistant to damage.
You can recharge devices by infusing magical energy.
You passively map a small area around you.
You do not regenerate naturally.


Message History

The iguana is heavily wounded.
The iguana bites you.
* * * LOW HITPOINT WARNING * * *
The ice beast barely misses you.
You hit the ice beast but do no damage.
The ice beast is almost dead.
You barely miss the iguana.
The iguana is heavily wounded.
The iguana bites you but does no damage.
The ice beast hits you. The ice beast freezes you.
* * * LOW HITPOINT WARNING * * *
The iguana bites you but does no damage.
The ice beast hits you but does no damage.
You closely miss the ice beast.
The ice beast is almost dead.
Your plate armour prevents you from hitting the iguana.
The iguana is heavily wounded.
The iguana bites you but does no damage.
The ice beast hits you. The ice beast freezes you!
You die...

#..≈.....≈...,
#............
#..(..≈.....≈ ,
#............
#..≈..[!.≈... ,*
#............
######.#$..≈.....≈
#.......l)........
#......†.@)...≈... ,
#....<...)Y.....## *
,..........####....#*
,,...#......#**
...... , .,,#...#....
#.(... #...##.#.#
*..... * , #... #...#
..... , , #... ##...
, ....* ,.... , ,


You could see an ice beast and an iguana.

Vanquished Creatures
  The ghost of peaced01 the Skirmisher, an amateur MiBe of Trog (D:3)
  An orc warrior (D:4)
  A sky beast (D:4)
  2 phantoms (D:4)
  A gnoll sergeant (D:5)
  A giant frog (D:3)
  A scorpion (D:4)
  A hound (D:4)
  A giant frog zombie (D:5)
  2 orc priests (D:3)
  2 orc wizards (D:4)
  An iguana (D:4)
  Robin (D:3)
  7 gnolls
  A howler monkey skeleton (D:4)
  9 adders
  2 worms (D:3)
  A dart slug (D:1)
  3 giant geckos
  8 orcs
  5 bats
  3 giant cockroaches
  6 hobgoblins
  2 jackals (D:1)
  A giant gecko skeleton (D:4)
  2 giant newts (D:2)
  13 goblins
  4 kobolds
  5 rats
88 creatures vanquished.

Notes
Turn   | Place    | Note
--------------------------------------------------------------
     0 | D:1      | shmeve the Deep Dwarf Berserker began the quest for the Orb.
     0 | D:1      | Reached XP level 1. HP: 20/20 MP: 1/1
    78 | D:1      | Found a sparkling altar of Nemelex Xobeh.
   265 | D:1      | Reached XP level 2. HP: 24/27 MP: 2/2
   658 | D:2      | Reached XP level 3. HP: 30/34 MP: 3/3
   709 | D:2      | Found a glowing golden altar of the Shining One.
   859 | D:2      | Reached ** piety under Trog
   914 | D:2      | Reached skill level 1 in Evocations
   917 | D:2      | Reached skill level 4 in Axes
  1012 | D:2      | Found an opulent altar of Gozag.
  1026 | D:2      | Reached XP level 4. HP: 40/42 MP: 4/4
  1031 | D:2      | Found a white marble altar of Elyvilon.
  1100 | D:2      | Found a faded altar to an unknown god.
  1221 | D:2      | Found a deep blue altar of Sif Muna.
  1458 | D:3      | Noticed Robin
  1471 | D:3      | Killed Robin
  1519 | D:3      | Noticed a giant frog
  1539 | D:3      | Killed a giant frog
  1539 | D:3      | Reached XP level 5. HP: 28/49 MP: 6/6
  1551 | D:3      | Noticed peaced01's ghost (amateur MiBe)
  1566 | D:3      | Killed peaced01's ghost
  1566 | D:3      | Reached XP level 6. HP: 45/57 MP: 6/8
  1580 | D:3      | Reached skill level 5 in Axes
  1826 | D:3      | Reached *** piety under Trog
  2174 | D:4      | Noticed a sky beast
  2195 | D:4      | Killed a sky beast
  2195 | D:4      | Reached XP level 7. HP: 36/66 MP: 9/9
  2274 | D:4      | Found a staircase to the Ecumenical Temple.
  2301 | Temple   | Entered the Ecumenical Temple
  2473 | D:4      | Received a gift from Trog
  2474 | D:4      | Reached skill level 6 in Axes
  2684 | D:4      | Reached skill level 5 in Fighting
  2766 | D:4      | Found a bloodstained altar of Trog.
  2766 | D:4      | Found a sparkling altar of Nemelex Xobeh.
  2918 | D:5      | Entered Level 5 of the Dungeon
  2927 | D:5      | Reached XP level 8. HP: 74/74 MP: 10/10
  2946 | D:5      | Slain by an ice beast

Skill      XL: |  1  2  3  4  5  6  7 |
---------------+----------------------+-----
Fighting       | 3 4 5 |  5.2
Evocations     | 1 2 3 4 |  4.2
Axes           | 4 5 6 |  6.8
Armour         | 3 4 |  4.4
Dodging        | 3 4 |  4.2

Action                   |  1- 3 |  4- 6 |  7- 9 || total
-------------------------+-------+-------+-------++-------
Melee: Hand axe          |   130 |   185 |   140 ||   455
Invok: Trog's Hand       |     1 |     1 |       ||     2
       Berserk           |       |     2 |     2 ||     4
 Abil: Device Recharging |       |       |     1 ||     1
Evoke: Wand              |       |     1 |     4 ||     5
  Use: Scroll            |       |     7 |       ||     7
  Eat: Chunk             |     1 |     6 |     3 ||    10
Armor: Chain mail        |    31 |       |       ||    31
       Plate armour      |    84 |   125 |   112 ||   321
Dodge: Dodged            |    63 |    82 |    78 ||   223
